 Dungeon Crawl Stone Soup version 0.17-a0-1481-gfdcec5c (console) character file.

45395 Fusha the Spear-Bearer (level 13, -6/111 HPs)
             Began as a Demigod Gladiator on July 3, 2015.
             Mangled by a ten-headed hydra (11 damage)
             ... on level 7 of the Lair of Beasts on July 4, 2015.
             The game lasted 01:38:58 (30058 turns).

Fusha the Spear-Bearer (Demigod Gladiator)         Turns: 30058, Time: 01:38:58

Health: -6/111     AC: 29    Str: 30    XL:     13   Next: 62%
Magic:  23/23      EV: 13    Int: 12    God:
Gold:   1137       SH:  0    Dex: 16    Spells: 0 memorised, 12 levels left

rFire  + . .     SeeInvis .     a - +3 glaive
rCold  . . .     Clarity  +     B - +1 plate armour {rF+}
rNeg   . . .     SustAt   +     (no shield)
rPois  .         Gourm    .     S - +2 helmet
rElec  .         Spirit   .     o - +2 cloak
rCorr  .         Warding  .     R - +2 pair of gloves
rMut   .         Stasis   .     n - +2 pair of boots
MR     +....                    q - amulet of clarity
Stlth  ..........               T - ring of stealth
                                x - +4 ring of strength

@: somewhat resistant to hostile enchantments, extremely unstealthy
A: high mp 1, sustain attributes
a: no special abilities


You were on level 7 of the Lair of Beasts.
You were not hungry.

You visited 2 branches of the dungeon, and saw 19 of its levels.
You also visited: Labyrinth.

You collected 1137 gold pieces.

Inventory:

Hand weapons
 a - a +3 glaive (weapon)
 b - a +5 blowgun
Missiles
 t - 29 curare-tipped needles
 G - a throwing net (quivered)
 I - 49 poisoned needles
Armour
 n - a +2 pair of boots (worn)
 o - a +2 cloak (worn)
 B - a +1 plate armour of fire resistance (worn)
 L - an ice dragon hide
 R - a +2 pair of gloves (worn)
 S - a +2 helmet (worn)
Jewellery
 g - an uncursed amulet of resist corrosion
 l - an uncursed amulet of warding
 q - an amulet of clarity (around neck)
 x - a +4 ring of strength (left hand)
 y - an uncursed amulet of the gourmand
 T - a ring of stealth (right hand)
Magical devices
 c - a wand of heal wounds (6)
 e - a wand of cold (0)
 h - a wand of digging (15)
 A - a wand of teleportation (5)
 H - a wand of random effects (2)
 J - a wand of fireball (5)
 M - a wand of invisibility (5)
Scrolls
 d - 2 scrolls of brand weapon {unknown}
 f - 4 scrolls of fog
 i - 3 scrolls of remove curse
 p - 4 scrolls of immolation
 r - a scroll of recharging
 K - a scroll of silence {unknown}
 O - 2 scrolls of fear
 U - 5 scrolls of magic mapping
 Y - 4 scrolls of teleportation
 Z - 3 scrolls of blinking
Potions
 k - 4 potions of brilliance
 m - a potion of lignification
 v - a potion of resistance
 w - 2 potions of mutation
 z - 3 potions of heal wounds
 C - a potion of cancellation
 E - 2 potions of curing
 F - 2 potions of magic
 N - a potion of haste
Miscellaneous
 s - a box of beasts {used: 8}
 u - a phial of floods (inert)
Comestibles
 j - a meat ration
 D - 10 bread rations


   Skills:
 + Level 9.1 Fighting
 * Level 12.8 Polearms
 - Level 6.0 Throwing
 + Level 9.8 Armour
 - Level 9.0 Dodging
 - Level 9.0 Evocations


You had 12 spell levels left.
You didn't know any spells.

Dungeon Overview and Level Annotations

Branches:
Dungeon (12/15)            Temple (0/1) D:5            Lair (7/8) D:11
 Shoals (0/4) Lair:4        Snake (0/4) Lair:6          Orc (0/4) D:9
  Slime: Lair:6-8

Shops:
D:6 }   D:9 (


Innate Abilities, Weirdness & Mutations

You have an increased reservoir of magic (+10% MP).
Your attributes are resistant to harm.


Message History

Zapping:
H - a wand of random effects (3)
Press: ? - help, Shift-Dir - straight line, f/p - ten-headed hydra
Aim: a ten-headed hydra (almost dead, fast)
The ten-headed hydra resists with some effort.
This wand has 2 charges left.
The ten-headed hydra bites you but does no damage.
The ten-headed hydra bites you.
* * * LOW HITPOINT WARNING * * *
The ten-headed hydra bites you but does no damage.
The ten-headed hydra bites you!
* * * LOW HITPOINT WARNING * * *
The ten-headed hydra bites you but does no damage.
The ten-headed hydra misses you. The ten-headed hydra bites you.
* * * LOW HITPOINT WARNING * * *
The ten-headed hydra bites you but does no damage. x3
The ten-headed hydra barely misses you. The ten-headed hydra bites you!
* * * LOW HITPOINT WARNING * * *
The ten-headed hydra bites you but does no damage. x2
The ten-headed hydra bites you!
You die...

#.#.....#..............
.
####.#....#............
.
####..#........#......
###
#........#...##....#
#.## ##......###.#.
#..# ###..........
#.†## #.......P...
###†####...........
##...#@...#......
#....D#.....##.#.
###..#....### ..
##...##.#..P.# .
#..P.###......# ##..##
#.#..## ##..## #....#
#...## #...# ##.#.# ..


You could see a ten-headed hydra.

Vanquished Creatures
  A minotaur (Lab)
  2 hydras (Lair:5)
  Erolcha (D:9)
  2 tengu warriors (D:11)
  Sonja (Lair:1)
  Nergalle (D:10)
  Pikel (D:7)
  A griffon (Lair:6)
  A cyclops (D:11)
  3 elephants (Lair:7)
  A black mamba (Lair:2)
  A torpor snail (Lair:7)
  2 gargoyles (Lab)
  14 spiny frogs
  2 fire drakes
  7 komodo dragons
  A queen bee (D:9)
  A polar bear (Lair:7)
  Grinder (D:4)
  2 trolls (D:10)
  A snapping turtle (Lair:4)
  25 blink frogs
  A shadow (D:11)
  A trapdoor spider (Lab)
  42 yaks
  2 deep elf magi
  A human (D:7)
  2 wyverns (D:10)
  4 basilisks
  8 hippogriffs
  2 steam dragons
  A mottled dragon (Lair:1)
  A vampire mosquito (D:11)
  The ghost of mrath the Ruffian, an average GrMo (D:3)
  10 wolves
  A naga (Lair:6)
  11 water moccasins
  4 ice beasts
  Duvessa (D:5)
  An eye of draining (D:9)
  2 slaves (D:7)
  2 necrophages
  2 sky beasts
  2 phantoms
  5 orc warriors
  5 black bears
  5 ogres
  7 centaurs
  13 porcupines
  12 crocodiles
  Blork the orc (D:6)
  2 big kobolds
  18 giant frogs
  A wyvern zombie (D:7)
  Dowan (D:5)
  3 scorpions
  32 killer bees
  A water moccasin skeleton (D:4)
  2 electric eels (Lair:2)
  4 wights (D:11)
  A giant frog zombie (D:9)
  7 hounds
  3 jellies
  7 orc wizards
  2 crimson imps
  4 centaur skeletons
  5 orc priests
  Ijyb (D:2)
  4 iguanas
  3 giant frog skeletons
  A gnoll shaman (D:6)
  3 hell rats (D:11)
  24 sheep
  16 worker ants
  A killer bee zombie (D:6)
  A hound zombie (D:5)
  5 gnolls (D:6)
  9 adders
  57 river rats
  3 shadow imps
  An adder zombie (D:7)
  2 worms
  4 giant geckos
  56 orcs
  4 ball pythons
  18 bats
  2 bat skeletons
  3 bat zombies
  5 giant cockroaches
  15 hobgoblins
  10 jackals
  6 quokkas
  2 giant gecko skeletons
  A giant gecko zombie (D:5)
  5 giant newts
  20 goblins
  27 kobolds
  14 rats
  A spectral orc (D:4)
  2 plants
641 creatures vanquished.

Vanquished Creatures (collateral kills)
  3 hydras
  A spiny frog (Lair:1)
  A hippogriff (Lair:1)
  A water moccasin (Lair:1)
  A fungus (Lair:1)
7 creatures vanquished.

Vanquished Creatures (others)
  2 slaves (D:7)
  A big kobold (D:7)
  4 kobolds (D:7)
  34 fungi
  23 plants
64 creatures vanquished.

Grand Total: 712 creatures vanquished

Notes
Turn   | Place    | Note
--------------------------------------------------------------
     0 | D:1      | Fusha the Demigod Gladiator began the quest for the Orb.
     0 | D:1      | Reached XP level 1. HP: 17/17 MP: 3/3
   129 | D:1      | Reached skill level 3 in Polearms
   323 | D:1      | Reached XP level 2. HP: 18/24 MP: 4/4
  1188 | D:2      | Noticed Ijyb
  1190 | D:2      | Reached XP level 3. HP: 29/29 MP: 5/5
  1206 | D:2      | Killed Ijyb
  1798 | D:3      | Found a white marble altar of Elyvilon.
  1815 | D:3      | Noticed mrath's ghost (average GrMo)
  1835 | D:3      | HP: 1/30 [mrath's ghost (9)]
  1869 | D:3      | Killed mrath's ghost
  1869 | D:3      | Reached skill level 4 in Polearms
  1869 | D:3      | Reached XP level 4. HP: 29/38 MP: 6/6
  1869 | D:3      | Reached XP level 5. HP: 34/45 MP: 7/7
  2003 | D:3      | Found a shattered altar of Ashenzari.
  2093 | D:3      | Found a sacrificial altar of Ru.
  2749 | D:4      | Reached XP level 6. HP: 29/51 MP: 8/8
  2912 | D:4      | Reached skill level 5 in Polearms
  3356 | D:4      | Noticed Grinder
  3378 | D:4      | Paralysed by Grinder for 6 turns
  3395 | D:4      | Killed Grinder
  3395 | D:4      | Reached skill level 6 in Polearms
  3395 | D:4      | Reached XP level 7. HP: 46/59 MP: 9/9
  3396 | D:4      | Found an iron altar of Okawaru.
  3658 | D:4      | Found a basalt altar of Yredelemnul.
  3800 | D:5      | Entered Level 5 of the Dungeon
  3952 | D:5      | Reached skill level 5 in Dodging
  3997 | D:5      | Found a glowing silver altar of Zin.
  4766 | D:5      | Reached skill level 7 in Polearms
  4766 | D:5      | Reached XP level 8. HP: 52/67 MP: 10/10
  4866 | D:5      | Found a staircase to the Ecumenical Temple.
  4906 | D:5      | Noticed Duvessa
  4940 | D:5      | Noticed Dowan
  4941 | D:5      | Killed Duvessa
  4941 | D:5      | Reached skill level 5 in Fighting
  4952 | D:5      | Killed Dowan
  5899 | D:6      | Noticed Blork the orc
  5913 | D:6      | Killed Blork the orc
  5913 | D:6      | Reached skill level 8 in Polearms
  6445 | D:6      | Found Wipauhoe's Gadget Boutique.
  7149 | D:6      | Reached XP level 9. HP: 32/75 MP: 11/11
  7693 | D:7      | Noticed Pikel
  7773 | D:7      | Killed Pikel
  7773 | D:7      | Reached skill level 9 in Polearms
  8144 | D:7      | Found a stormy altar of Qazlal.
  8504 | D:7      | Found an ancient bone altar of Kikubaaqudgha.
  8531 | D:7      | Reached skill level 1 in Evocations
  9291 | D:8      | Found a sparkling altar of Nemelex Xobeh.
  9854 | D:9      | Noticed Erolcha
  9899 | D:8      | Reached XP level 10. HP: 49/85 MP: 16/16
 10978 | D:9      | Reached skill level 5 in Evocations
 11000 | D:9      | Noticed a five-headed hydra
 11386 | D:9      | Found a staircase to the Orcish Mines.
 11428 | D:9      | Found Xoesuj's Antique Weapon Shop.
 12345 | D:9      | You fall through a shaft for 2 floors!
 12345 | D:11     | Found a staircase to the Lair.
 12345 | D:11     | Noticed a cyclops
 12575 | D:11     | Found a labyrinth entrance.
 12587 | Lab      | Entered a labyrinth
 12882 | Lab      | HP: 3/88 [gargoyle/morningstar (14)]
 13667 | Lab      | Noticed a minotaur
 13682 | Lab      | Identified the Guide on Fire and Transmigration (You found it in a labyrinth)
 14207 | Lab      | Killed a minotaur
 14482 | D:10     | Entered Level 10 of the Dungeon
 14795 | D:11     | Reached skill level 1 in Armour
 14816 | D:11     | Reached XP level 11. HP: 83/95 MP: 19/19
 15350 | D:10     | Noticed Nergalle
 15359 | D:10     | Killed Nergalle
 15534 | D:9      | Killed Erolcha
 16083 | D:9      | Killed a six-headed hydra
 17113 | D:10     | Reached skill level 10 in Polearms
 17568 | D:10     | Reached skill level 5 in Armour
 17945 | D:11     | Killed a cyclops
 18114 | D:11     | Found a deep blue altar of Sif Muna.
 18147 | D:11     | Noticed a tengu warrior
 18149 | D:11     | Noticed a tengu warrior
 18178 | D:11     | Killed a tengu warrior
 18185 | D:11     | Killed a tengu warrior
 19464 | Lair:1   | Entered Level 1 of the Lair of Beasts
 19464 | Lair:1   | Noticed Sonja
 19763 | D:11     | Upgraded the game from 0.17-a0-1479-g4041c36 to 0.17-a0-1481-gfdcec5c
 20048 | Lair:1   | HP: 3/97 [Sonja/uncursed short sword of venom (2)]
 20048 | Lair:1   | HP: 1/97 [Sonja/uncursed short sword of venom (2)]
 20057 | Lair:1   | HP: 4/97 [poisoned by Sonja]
 20064 | Lair:1   | HP: 4/97 [poisoned by Sonja]
 20069 | Lair:1   | HP: 4/97 [poisoned by Sonja]
 20204 | Lair:1   | Reached XP level 12. HP: 42/104 MP: 21/21
 20578 | Lair:1   | Killed Sonja
 22105 | Lair:2   | Noticed an eight-headed hydra
 22122 | Lair:2   | Killed a 11-headed hydra
 22122 | Lair:2   | Reached skill level 11 in Polearms
 25669 | Lair:4   | Reached XP level 13. HP: 101/111 MP: 23/23
 26446 | Lair:4   | Found a staircase to the Shoals.
 26693 | Lair:4   | Noticed a seven-headed hydra
 26699 | Lair:4   | Killed a 11-headed hydra
 27029 | Lair:5   | Reached skill level 12 in Polearms
 27029 | Lair:5   | Reached skill level 5 in Throwing
 27739 | Lair:5   | You fall through a shaft for 2 floors!
 29295 | Lair:6   | Found a staircase to the Snake Pit.
 30058 | Lair:7   | HP: 5/111 [ten-headed hydra (11)]
 30058 | Lair:7   | Mangled by a ten-headed hydra

Vault maps used:
D:1:      eino_arrival_cavern_a, minmay_shallow_snake_nest
D:2:      uniq_iyjb
D:3:      kennysheep_the_goblin_king, nicolae_ru_sacrificial_ziggurat,
          ashenzari_conservatory_becter, elyvilon_altar_4
D:4:      yredelemnul_forgotten_temple_becter, okawaru_trees_2, uniq_grinder
D:5:      kennysheep_steamy, zin_treasury, minmay_temple_entry_crystal_x,
          first_bread, uniq_duvessa
D:6:      serial_shops, shop_fountains, uniq_blork_the_orc
D:7:      old_standard_altar, nicolae_qazlal_style_of_elements, grunt_livestock,
          uniq_pikel
D:8:      nemelex_xobeh_ov_fountains_minmay
D:9:      hiddenorc2_lemuel, special_room, serial_shops, shop,
          kennysheep_generic_room_12, uniq_erolcha
D:10:     uniq_nergalle
D:11:     dpeg_lair_monsters, lab_entry_generic, basic_altar
Lair:1:   uniq_sonja
Lair:2:   beast_lair_carwin_2, infiniplex_staircase_pool, serial_bayou_shore_a
Lair:4:   minmay_shoals_entry_hut, lemuel_fruit_tree
Lair:6:   guppyfry_snake_entry_island
Lair:7:   minmay_slime_entry_oklob_enclosed
Lab:      labyrinth_hidden_loot, labyrinth_skeletal_remains, nicolae_lab_garden

Action                   |  1- 3 |  4- 6 |  7- 9 | 10-12 | 13-15 || total
-------------------------+-------+-------+-------+-------+-------++-------
Melee: Trident           |   186 |   128 |   708 |   591 |       ||  1613
       Glaive            |       |       |       |   803 |   488 ||  1291
       Staff             |       |       |       |    67 |       ||    67
 Fire: Blowgun           |       |       |     5 |    51 |       ||    56
Throw: Throwing net      |       |       |     1 |     9 |       ||    10
Evoke: Wand              |       |       |       |    14 |    15 ||    29
       Box of beasts     |       |       |       |     8 |       ||     8
       Phial of floods   |       |       |       |       |     1 ||     1
  Use: Potion            |     3 |     1 |    11 |    10 |       ||    25
       Scroll            |       |       |    11 |    22 |     4 ||    37
 Stab: Sleeping          |     3 |       |     6 |       |       ||     9
       Distracted        |     1 |       |       |     3 |       ||     4
       Held in net/web   |       |       |     1 |     5 |       ||     6
       Invisible         |       |       |     5 |       |       ||     5
       Fleeing           |       |       |       |     1 |       ||     1
  Eat: Bread ration      |     1 |       |       |     2 |       ||     3
       Pizza             |       |     1 |       |     9 |     1 ||    11
       Fruit             |       |     7 |     3 |     5 |     8 ||    23
       Beef jerky        |       |     1 |     4 |     4 |     1 ||    10
       Meat ration       |       |       |     2 |     1 |     1 ||     4
       Royal jelly       |       |       |       |     7 |       ||     7
